 Dungeon Crawl Stone Soup version 0.29.1-15-g9cfb28693d (webtiles) character file.

Game seed: 2203374839012423234

539737 Midpoint the Slayer (level 25, -15/352 HPs)
             Began as an Ogre Ice Elementalist on Mar 17, 2023.
             Was the Champion of Kikubaaqudgha.
             Demolished by a golden dragon (17 damage)
             ... on level 5 of the Realm of Zot on Mar 29, 2023.
             The game lasted 13:44:24 (60147 turns).

Midpoint the Slayer (Ogre Ice Elementalist)        Turns: 60147, Time: 13:44:25

Health: -15/352    AC: 16    Str: 29    XL:     25   Next: 94%
Magic:  22/46      EV: 15    Int: 40    God:    Kikubaaqudgha [******]
Gold:   7549       SH:  0    Dex: 15    Spells: 4/62 levels left

rFire   + + .      SeeInvis .   a - +9 demon whip (pain)
rCold   + + .      Faith    .   R - +2 kite shield {rC+ rF+}
rNeg    + . .      Spirit   .   c - +5 steam dragon scales
rPois   +          Reflect  +   k - +2 hat
rElec   +          Harm     .   i - +2 cloak {rPois}
rCorr   +          Rampage  .   (gloves unavailable)
Will    ++...                   (boots unavailable)
Stlth   ..........              W - amulet of reflection
HPRegen 0.68/turn               n - ring of the Manifold Emperors {Int+10 Dex+6}
MPRegen 0.30/turn               Y - ring "Pofiodit" {*Slow rN+ rCorr Str+10 Int+6}

@: confused, berserking, about to teleport, resistant, ambrosia-drunk, hasted
and slowed, unable to read
A: large, unfitting armour, tough skin 1, deformed body, frail 1, poison
resistance, inability to read after injury 2
}: 3/15 runes: decaying, slimy, gossamer
a: Renounce Religion, Unearth Wretches, Torment


You were on level 5 of the Realm of Zot.
You worshipped Kikubaaqudgha.
Kikubaaqudgha was exalted by your worship.
You visited 11 branches of the dungeon, and saw 52 of its levels.
You also visited: Gauntlet and Wizlab.

You collected 9450 gold pieces.
You spent 1901 gold pieces at shops.

Inventory:

Hand Weapons
 a - a +9 demon whip of pain (weapon)
 u - the +10 morningstar "Eos" {elec, Halo rElec}
   (You took it off a deep elf sorcerer on level 3 of the Elven Halls)

   It occasionally discharges a powerful burst of electricity upon striking a
   foe.
   It grants its wielder a halo, revealing invisible creatures and increasing
   accuracy against all within it other than the wielder.
   rElec:     It insulates you from electricity.
 J - the +4 eveningstar "Zihafeex" {holy, rC+ Dex+2}
   (You acquired it on level 14 of the Dungeon)

   It has been blessed by the Shining One to cause great damage to the undead
   and demons.
   Dex:       It affects your dexterity (+2).
   rC:        It protects you from cold.
Missiles
 y - 6 boomerangs (quivered)
 C - 4 throwing nets
 G - 71 large rocks
 T - 14 silver javelins
Armour
 c - +5 steam dragon scales (worn)
 h - the +3 robe of Clouds {*Thunder rCloud rElec}
   (You took it off a Cloud Mage in a wizard's laboratory)

   It occasionally creates storm clouds above nearby enemies.
   It grants its wearer immunity to clouds.
   rElec:     It insulates you from electricity.
 i - a +2 cloak of poison resistance (worn)
 k - a +2 hat (worn)
 R - a +2 kite shield of resistance (worn)
Magical Staves
 b - a staff of death
Jewellery
 n - the ring of the Manifold Emperors (left hand) {Int+10 Dex+6}
   (You took it off a minotaur in a Gauntlet)

   [ring of dexterity]

   Int:       It affects your intelligence (+10).
   Dex:       It affects your dexterity (+6).
 s - the ring "Fuocos" {rC++ rCorr Int+6}
   (You found it on level 5 of the Pits of Slime)

   [ring of intelligence]

   Int:       It affects your intelligence (+6).
   rC:        It greatly protects you from cold.
   rCorr:     It protects you from acid and corrosion.
 x - a ring of willpower
 D - the ring "Seadilast" {rF+ Dex+6}
   (You found it on level 4 of the Dungeon)

   [ring of dexterity]

   Dex:       It affects your dexterity (+6).
   rF:        It protects you from fire.
 P - the ring "Baxid" {rN++ Slay+4}
   (You took it off Saint Roka on level 3 of the Elven Halls)

   [ring of slaying]

   Slay:      It affects your accuracy & damage with ranged weapons and melee
   (+4).
   rN:        It greatly protects you from negative energy.
 W - an amulet of reflection (around neck)
 Y - the ring "Pofiodit" (right hand) {*Slow rN+ rCorr Str+10 Int+6}
   (You took it off a deep elf death mage on level 3 of the Elven Halls)

   [ring of intelligence]

   Str:       It affects your strength (+10).
   Int:       It affects your intelligence (+6).
   rN:        It protects you from negative energy.
   rCorr:     It protects you from acid and corrosion.
   *Slow:     It may slow you when you take damage.
Wands
 K - a wand of quicksilver (26)
 L - a wand of polymorph (31)
 M - a wand of roots (41)
 O - a wand of digging (16)
Scrolls
 e - 3 scrolls of fog
 f - 2 scrolls of silence
 g - 8 scrolls of immolation
 p - 7 scrolls of vulnerability
 q - 2 scrolls of summoning
 r - 9 scrolls of fear
 t - 11 scrolls of poison
 E - 4 scrolls of blinking
 N - 3 scrolls of magic mapping
 Q - 6 scrolls of amnesia
 S - 12 scrolls of teleportation
 U - 3 scrolls of enchant armour
Potions
 j - 8 potions of lignification
 l - 6 potions of resistance
 m - 5 potions of mutation
 o - 3 potions of heal wounds
 v - 6 potions of haste
 w - 2 potions of cancellation
 z - 4 potions of flight
 A - 9 potions of ambrosia
 H - 4 potions of invisibility
 I - 11 potions of might
 V - 20 potions of curing
 X - 6 potions of brilliance
Miscellaneous
 d - a condenser vane
 B - a phial of floods
 F - a phantom mirror
 Z - a tin of tremorstones (2/2)


   Skills:
 - Level 22.0 Fighting
 * Level 14.4 Maces & Flails
 - Level 2.0 Polearms
 + Level 16.8 Throwing
 + Level 10.8 Armour
 + Level 11.5 Dodging
 - Level 2.0 Stealth
 - Level 16.0 Shields
 + Level 19.3 Spellcasting
 - Level 3.0 Conjurations
 - Level 4.0 Hexes
 - Level 6.0 Summonings
 + Level 17.0 Necromancy
 - Level 4.0 Translocations
 - Level 8.0 Ice Magic
 - Level 3.0 Air Magic
 - Level 4.0 Earth Magic
 - Level 4.0 Poison Magic
 - Level 2.0 Evocations


You had 4 spell levels left.
You knew the following spells:

 Your Spells              Type           Power      Damage    Failure   Level
a - Apportation           Tloc           100%       N/A       1%          1
b - Freezing Cloud        Conj/Ice/Air   33%        6-21      4%          5
c - Ozocubu's Armour      Ice            80%        N/A       1%          3
d - Borgnjor's Revivific  Necr           54%        N/A       6%          8
e - Animate Dead          Necr           100%       N/A       0%          4
f - Haunt                 Necr/Summ      46%        N/A       8%          7
g - Simulacrum            Ice/Necr       47%        N/A       1%          6
h - Anguish               Hex/Necr       44%        N/A       1%          4
i - Dispel Undead         Necr           100%       3d31      0%          4
j - Death Channel         Necr           54%        N/A       1%          6
k - Borgnjor's Vile Clut  Necr/Erth      44%        N/A       1%          5
m - Sublimation of Blood  Necr           100%       N/A       0%          2
n - Portal Projectile     Hex/Tloc       100%       N/A       1%          3

Your spell library contained the following spells:

 Spells                   Type           Power      Damage    Failure   Level
 Necrotise                Necr           100%       1d9       0%          1
 Vampiric Draining        Necr           100%       2d13      0%          3
 Freeze                   Ice            100%       1d11      1%          1
 Magic Dart               Conj           100%       1d8       1%          1
 Sandblast                Erth           100%       2d20      1%          1
 Sting                    Tmut/Pois      100%       1d8       1%          1
 Summon Small Mammal      Summ           100%       N/A       1%          1
 Call Imp                 Summ           72%        N/A       1%          2
 Ensorcelled Hibernation  Hex/Ice        100%       N/A       1%          2
 Poisonous Vapours        Pois/Air       100%       N/A       1%          2
 Scorch                   Fire           76%        2d8       1%          2
 Static Discharge         Conj/Air       58%        3-11/arc  1%          2
 Wereblood                Tmut           38%        N/A       1%          2
 Call Canine Familiar     Summ           72%        N/A       1%          3
 Conjure Flame            Conj/Fire      50%        6-21      1%          3
 Dazzling Flash           Conj/Hex       100%       N/A       1%          3
 Frozen Ramparts          Ice            100%       1d16      1%          3
 Gell's Gravitas          Tloc           63%        N/A       1%          3
 Ignite Poison            Fire/Tmut/Pois 49%        N/A       1%          3
 Lesser Beckoning         Tloc           63%        N/A       1%          3
 Mephitic Cloud           Conj/Pois/Air  60%        N/A       1%          3
 Spider Form              Tmut/Pois      53%        N/A       1%          3
 Swiftness                Air            58%        N/A       1%          3
 Teleport Other           Tloc           63%        N/A       1%          3
 Tukima's Dance           Hex            63%        N/A       1%          3
 Animate Armour           Summ/Erth      100%       N/A       1%          4
 Cause Fear               Hex            31%        N/A       1%          4
 Corpse Rot               Necr/Pois/Air  80%        N/A       1%          4
 Hailstorm                Conj/Ice       70%        3d15      1%          4
 Ice Form                 Ice/Tmut       63%        N/A       1%          4
 Leda's Liquefaction      Hex/Erth       31%        N/A       1%          4
 Olgreb's Toxic Radiance  Pois           63%        N/A       1%          4
 Passage of Golubria      Tloc           63%        N/A       1%          4
 Summon Ice Beast         Ice/Summ       76%        N/A       1%          4
 Iskenderun's Mystic Bla  Conj/Tloc      61%        2d13      2%          4
 Flame Wave               Conj/Fire      50%        2d12      5%          4
 Sticky Flame             Conj/Fire      50%        2d7       5%          4
 Agony                    Necr           100%       N/A       1%          5
 Summon Forest            Summ/Tloc      34%        N/A       3%          5
 Summon Mana Viper        Hex/Summ       68%        N/A       3%          5
 Lee's Rapid Deconstruct  Erth           31%        3d17*     5%          5
 Silence                  Hex/Air        30%        N/A       6%          5
 Lightning Bolt           Conj/Air       29%        1d45      8%          5
 Alistair's Intoxication  Tmut/Pois      35%        N/A       12%         5
 Summon Cactus Giant      Summ           36%        N/A       13%         6
 Fireball                 Conj/Fire      25%        3d11      14%         5
 Irradiate                Conj/Tmut      25%        3d20      14%         5
 Blade Hands              Tmut           19%        N/A       26%         5
 Iron Shot                Conj/Erth      30%        9d6       34%         6
 Conjure Ball Lightning   Conj/Air       29%        3x3d8     41%         6
 Eringya's Noxious Bog    Tmut/Pois      26%        N/A       54%         6
 Statue Form              Tmut/Erth      35%        N/A       54%         6
 Monstrous Menagerie      Summ           36%        N/A       56%         7
 Summon Hydra             Summ           36%        N/A       56%         7
 Starburst                Conj/Fire      25%        6d8       63%         6
 Death's Door             Necr           54%        N/A       65%         9
 Malign Gateway           Summ/Tloc      34%        N/A       71%         7
 Necromutation            Tmut/Necr      41%        N/A       89%         8
 Storm Form               Tmut/Air       25%        N/A       99%         7
 Dragon Form              Tmut           19%        N/A       100%        7
 Discord                  Hex            31%        N/A       100%        8
 Disjunction              Tloc           31%        N/A       100%        8
 Ignition                 Fire           19%        3d7       100%        8
 Lehudib's Crystal Spear  Conj/Erth      30%        10d8      100%        8
 Dragon's Call            Summ           36%        N/A       100%        9
 Polar Vortex             Ice            40%        N/A       100%        9


Dungeon Overview and Level Annotations

Branches:
Dungeon (15/15)            Temple (1/1) D:4            Lair (5/5) D:9
  Swamp (4/4) Lair:2       Spider (4/4) Lair:2        Slime (5/5) Lair:4
    Orc (2/2) D:9             Elf (3/3) Orc:2        Vaults (4/5) D:14
  Crypt (0/3) Vaults:3     Depths (4/4) D:15            Zot (5/5) Depths:4
 WizLab (visited)         Gauntlet (visited)

Altars:
Ashenzari
Cheibriados
Dithmenos
Elyvilon
Fedhas
Gozag
Hepliaklqana
Kikubaaqudgha
Makhleb
Nemelex Xobeh
Okawaru
Qazlal
Ru
Sif Muna
Trog
Uskayaw
Vehumet
Wu Jian
Xom
Yredelemnul
Zin
The Shining One
Jiyva

Shops:
D:5 [   D:13 *   D:15 [[[=?   Orc:1 !   Orc:2 :=:*   Elf:1 ?   Elf:3 *
Vaults:1 =   Vaults:2 (   Depths:4 :

Portals:
Hell: Depths:1 Depths:2 Depths:3 Depths:4
Abyss: Depths:3
Pandemonium: Depths:2
Ziggurat: Depths:3

Annotations:
D:5 3 runed translucent doors, bronco's ghost, novice MiFi
Elf:2 4 runed translucent doors, Hulashix's ghost, journeyman MiBe
Depths:3 3 runed translucent doors
Zot:4 5 transporters


Innate Abilities, Weirdness & Mutations

You are too large for most types of armour.
You have tough skin. (AC +1)
Armour fits poorly on your strangely shaped body.
You are frail. (-10% HP)
Your system is resistant to poisons. (rPois)
You sometimes lose the ability to read scrolls when taking damage.


Message History

The golden dragon claws you but does no damage.
The golden dragon closely misses you.
A tentacled monstrosity comes into view.
You are too berserk!
You are too berserk!
You struggle against the net.
The orb of fire glows deep purple.
Strange energies course through your body.
Your body twists and deforms.
The golden dragon bites you!
* * * LOW HITPOINT WARNING * * *
The golden dragon claws you!
* * * LOW HITPOINT WARNING * * *
The golden dragon tramples you!
* * * LOW HITPOINT WARNING * * *
You are shoved backwards!
The tentacled monstrosity moves out of view.
Unknown command.
You are too berserk!
You are too berserk!
You are too confused!
You thrash the moth of wrath!!
The moth of wrath writhes in agony.
The moth of wrath is heavily wounded.
The moth of wrath bites you.
* * * LOW HITPOINT WARNING * * *
You are too berserk!
You closely miss the orb of fire.
Unknown command.
You are too berserk!
You are too confused!
You are too confused!
You're too confused to move!
The orb of fire glows red.
The bolt of fire misses you. The moth of wrath bites you.
* * * LOW HITPOINT WARNING * * *
The golden dragon barely misses you. The golden dragon claws you!
* * * LOW HITPOINT WARNING * * *
The golden dragon tramples you!
You die...
Kikubaaqudgha rasps: "You have failed me!
Welcome... death!"

#..................## #.......^.
....................# ##........
....................# #........
.^................^.# ##........
................(...# #ZZZ......
..........^..†.(....# ##Z^ZZ.....
.....^.......)((....###ZZ..ZZ....
#..............**D.###^.Z########
##.......^.....*@.##..ZZ##
##...^..X.....y......###
▓▓8pq[^##▓▓▓▓▓▓▓▓▓▓▓#
*▓..y...d,,^,,,,,****
*▓......p.,,,,,,,,,,,***
*^.........,,,,,,,,,,,,**
,..........,,,,,,,,,,^,,* *******
,........q..,,,,,,,,,,,,***^^,,,,
*,,,,,,,,,,,,,,,,,,,,,,,**,,,,,,,


You could see 3 orbs of fire, a tentacled monstrosity, a golden dragon (berserk,
simulacrum) and a moth of wrath.

Vanquished Creatures
  Boris (twice) (Vaults:2 Vaults:4)
  Saint Roka (Elf:3)
  the Lernaean hydra (Swamp:4)
  4 golden dragons
  A Brimstone Fiend (Depths:1)
  Zenata (Vaults:4)
  4 tentacled monstrosities
  Jorgrun (Orc:1)
  A walking earthen tome (Depths:4)
  A deep elf blademaster (Elf:3)
  3 Orb Guardians (Zot:5)
  4 acid blobs (Slime:5)
  3 quicksilver dragons
  2 deep elf master archers (Elf:3)
  2 sphinxes
  7 storm dragons
  5 death cobs
  An Executioner (Depths:1)
  A thorn hunter (Swamp:4)
  3 tengu reavers
  4 draconian monks
  3 rockslimes
  Donald (Vaults:4)
  An azure jelly (Slime:5)
  4 shadow dragons
  An orc warlord (Vaults:4)
  An iron dragon (Depths:4)
  A fire giant (Depths:2)
  3 frost giants
  2 deep elf sorcerers (Elf:3)
  A draconian shifter (Zot:1)
  A balrug (Depths:1)
  4 vault wardens
  4 ghost moths
  2 draconian scorchers
  A deep elf elementalist (Elf:3)
  2 quicksilver oozes (Slime:5)
  An emperor scorpion (Spider:4)
  A draconian annihilator (Zot:1)
  12 ironbound preservers
  2 ghouls (Swamp:1)
  A spriggan defender (Depths:2)
  6 very ugly things
  A war gargoyle (Vaults:1)
  3 draconian stormcallers
  3 stone giants
  5 ironbound thunderhulks
  2 green draconians (Zot:2)
  6 deep elf demonologists
  A vampire knight (Depths:3)
  A black draconian (Zot:4)
  7 red draconians
  A yellow draconian (Zot:2)
  A deep elf annihilator (Depths:3)
  2 purple draconians (Zot:4)
  2 white draconians
  An entropy weaver (Vaults:2)
  The ghost of crispyCORNDOG the Basher, a journeyman MiBe of Trog (Orc:2)
  5 spark wasps
  3 blizzard demons (WizLab)
  A bunyip (Swamp:4)
  A crystal guardian (Vaults:1)
  5 ettins
  3 statues (Depths:3)
  2 fire dragons
  5 great orbs of eyes
  2 yaktaur captains
  Josephine (D:12)
  A rakshasa (Depths:2)
  7 hydras
  A jorogumo (Spider:2)
  6 vault guards
  4 ice dragons
  An ogre mage (Orc:1)
  6 boulder beetles
  Erica (D:9)
  2 ghost crabs (WizLab)
  6 ironbound frosthearts
  An alligator (Gauntlet)
  3 spriggan air magi
  3 two-headed ogres
  A death knight (Vaults:3)
  4 death yaks (Lair:5)
  11 centaur warriors
  4 tengu warriors
  16 dancing weapons
  3 deep troll shamans
  4 spriggan berserkers
  2 orc high priests
  12 deep elf knights
  3 shock serpents (WizLab)
  Nergalle (D:12)
  8 hell knights
  A sun demon (Depths:2)
  A titan skeleton (Vaults:3)
  A pharaoh ant (Spider:3)
  Amaemon (D:8)
  A sun moth (Spider:4)
  37 deep trolls
  A death drake (WizLab)
  A glowing orange brain (Vaults:1)
  A spriggan druid (Swamp:3)
  4 phantasmal warriors
  9 ironbound convokers
  2 necromancers
  4 deep elf archers
  5 wizards
  A harpy (shapeshifter) (Elf:3)
  A bog body (Swamp:4)
  9 orc knights
  3 lindwurms
  9 deep elf zephyrmancers
  8 deep elf pyromancers
  3 wolf spiders
  A stone giant zombie (Vaults:3)
  4 orc sorcerers
  11 moths of wrath
  A manticore (Lair:5)
  An eleionoma zombie (Swamp:4)
  3 cyclopes
  A frost giant zombie (Depths:1)
  11 ugly things
  2 apocalypse crabs (WizLab)
  3 elephants
  Joseph (D:7)
  Maurice (D:8)
  2 orange demons
  A smoke demon (Gauntlet)
  A guardian serpent (D:10)
  9 vault sentinels
  A gargoyle (D:12)
  Maggie (Lair:2)
  An eye of devastation (Slime:3)
  2 black mambas
  A cane toad (shapeshifter) (D:14)
  2 unseen horrors
  Psyche (D:10)
  11 yaktaurs
  2 rime drakes (Lair:4)
  A demonic crawler (Spider:4)
  6 komodo dragons
  3 tengu conjurers
  5 cane toads
  A freezing wraith (D:14)
  3 kobold demonologists
  8 trolls
  2 polar bears
  A red devil (Gauntlet)
  A bloated husk (Swamp:1)
  3 tyrant leeches (Swamp:1)
  5 hornets
  4 tarantellas
  6 blink frogs
  A meliai (shapeshifter) (D:14)
  2 dream sheep (Lair:5)
  16 slime creatures
  Grinder (D:5)
  A tarantella zombie (Spider:2)
  6 jumping spiders
  6 flying skulls (Gauntlet)
  A shadow (D:8)
  5 air elementals
  A vampire (D:10)
  A culicivora (Spider:3)
  2 spriggans
  Eustachio (D:4)
  9 wraiths
  3 wyverns
  3 basilisks
  2 spriggan zombies (Swamp:4)
  32 yaks
  3 large abominations (Gauntlet)
  A tyrant leech zombie (Swamp:4)
  5 fire elementals
  A golden eye (Slime:2)
  A spriggan simulacrum (Depths:1)
  A steam dragon (D:10)
  Grum (D:8)
  20 vampire mosquitoes
  6 swamp worms
  4 redbacks
  6 small abominations (Gauntlet)
  A floating eye (shapeshifter) (D:14)
  A hell hound (Spider:2)
  Edmund (D:5)
  10 water moccasins
  A floating eye (Depths:4)
  2 black bears
  A swamp drake (Swamp:4)
  2 ice beasts
  18 orc warriors
  6 wolves
  5 ogres
  5 centaurs
  2 phantoms
  2 human skeletons (Vaults:3)
  3 kobold brigands
  4 necrophages
  A gnoll sergeant (D:6)
  A scorpion (D:5)
  8 bullfrogs
  3 earth elementals
  7 wights (D:8)
  2 killer bees
  4 howler monkeys
  4 electric eels
  4 crimson imps (Gauntlet)
  A jelly (D:5)
  3 quasits (D:7)
  4 hounds
  12 orc priests
  Crazy Yiuf (D:5)
  2 gnoll boudas
  19 orc wizards
  Ijyb (D:4)
  5 iguanas
  A hell rat (Lair:4)
  A boggart simulacrum (D:14)
  14 gnolls
  7 adders
  A shadow imp (D:5)
  A white imp (D:6)
  An ufetubus (D:5)
  A dart slug (D:1)
  42 orcs
  5 endoplasms
  6 giant cockroaches
  12 goblins
  5 hobgoblins
  5 jackals
  5 quokkas
  2 ball pythons
  6 bats
  15 frilled lizards
  22 kobolds
  An orc zombie (Elf:3)
  5 rats
  A spectral goblin (D:10)
  A bush (Swamp:4)
958 creatures vanquished.

Vanquished Creatures (collateral kills)
  the Royal Jelly (Slime:5)
  An orb of fire (Zot:5)
  A juggernaut (Depths:3)
  A Killer Klown (Zot:5)
  Bai Suzhen (Swamp:4)
  A curse toe (Zot:4)
  2 golden dragons
  A Cloud Mage (WizLab)
  5 tentacled monstrosities
  6 Orb Guardians (Zot:5)
  Asterion (Depths:2)
  A deep elf blademaster (Elf:3)
  2 liches
  A walking frostbound tome (Depths:2)
  16 acid blobs
  3 death cobs
  3 tengu reavers
  A sphinx (Vaults:3)
  A shadow dragon (Zot:1)
  4 storm dragons
  Roxanne (Elf:3)
  A draconian monk (Zot:5)
  3 azure jellies
  7 rockslimes
  4 emperor scorpions (Spider:4)
  3 draconian knights
  2 fire giants (Depths:3)
  2 vault wardens
  A cacodemon (Depths:1)
  A frost giant (Depths:3)
  A deep elf sorcerer (Elf:3)
  3 draconian scorchers
  3 ghost moths
  A demonspawn corrupter (WizLab)
  6 draconian stormcallers (Zot:1)
  15 ironbound preservers
  An orc warlord (Depths:1)
  A ghoul (Swamp:1)
  2 draconian shifters
  2 draconian annihilators
  A broodmother (Spider:4)
  6 quicksilver oozes
  9 stone giants
  3 green draconians
  11 very ugly things
  A vampire knight (Depths:2)
  6 eleionomae
  A lorocyproca (Depths:2)
  4 black draconians
  5 deep elf demonologists (Depths:1)
  4 dire elephants (Vaults:1)
  A minotaur (Gauntlet)
  4 deep elf annihilators
  3 entropy weavers (Spider:2)
  2 bunyips
  2 spark wasps (WizLab)
  4 purple draconians
  A red draconian (Zot:5)
  7 yellow draconians
  6 white draconians
  3 statues (Depths:3)
  4 blizzard demons
  3 ettins
  Snorg (Lair:4)
  5 fire dragons
  8 deep elf death magi
  A merfolk javelineer (Depths:1)
  4 yaktaur captains
  A deep elf high priest (Elf:3)
  13 great orbs of eyes
  4 salamander tyrants (Depths:3)
  7 vault guards
  3 ice dragons
  27 hydras
  2 catoblepae
  2 rakshasas (Depths:2)
  An ogre mage (Vaults:2)
  A ghost crab (Swamp:2)
  A boulder beetle (Spider:3)
  4 alligators
  4 ironbound frosthearts
  A peacekeeper (Vaults:1)
  A two-headed ogre (shapeshifter) (Vaults:2)
  A radroach (Spider:4)
  A death knight (Vaults:3)
  A deep troll shaman (Depths:2)
  4 tengu warriors
  7 centaur warriors
  5 death yaks (Lair:5)
  4 dancing weapons
  3 deep troll earth magi
  2 spriggan berserkers
  4 orc high priests
  10 hell knights
  2 shock serpents (WizLab)
  2 deep elf knights (Elf:1)
  A shadow wraith (Vaults:3)
  4 pharaoh ants
  4 iron trolls
  5 goliath frogs
  11 orb spiders
  10 bog bodies (Swamp:4)
  A steelbarb worm (shapeshifter) (Depths:3)
  2 death drakes (WizLab)
  12 swamp dragons
  4 deep elf archers
  2 glowing orange brains
  3 spriggan druids (Swamp:4)
  4 steelbarb worms
  48 deep trolls
  5 wizards
  2 lindwurms
  9 ironbound convokers
  5 orc knights
  2 phantasmal warriors
  3 deep elf pyromancers
  4 necromancers
  4 deep elf zephyrmancers
  5 orc sorcerers (Orc:2)
  19 wolf spiders
  A fire giant zombie (Depths:1)
  12 ugly things
  A cyclops (shapeshifter) (Vaults:2)
  3 cyclopes
  4 shining eyes
  2 will-o-the-wisps
  10 moths of wrath
  3 black mambas
  An apocalypse crab (WizLab)
  7 vault sentinels
  6 torpor snails
  4 elephants (Lair:4)
  An orange demon (Depths:2)
  A nameless horror (Depths:3)
  An eye of devastation (Slime:2)
  9 cane toads
  8 yaktaurs
  3 rime drakes
  6 demonic crawlers
  3 elf skeletons (Vaults:3)
  7 komodo dragons
  4 polar bears
  4 tengu conjurers
  2 trolls
  13 tarantellas
  A tarantella (shapeshifter) (Vaults:2)
  2 wind drakes (shapeshifter) (Elf:1)
  7 tyrant leeches
  A tyrant leech (shapeshifter) (Vaults:2)
  7 hornets
  5 blink frogs
  46 slime creatures
  A dream sheep (Lair:5)
  24 jumping spiders
  17 culicivoras
  A stone giant simulacrum (Depths:1)
  A shadow (D:11)
  An ettin skeleton (Depths:1)
  3 water elementals
  7 air elementals
  A vampire (D:12)
  2 fire elementals (Spider:2)
  27 yaks
  8 spriggans
  2 wraiths
  4 wyverns
  8 basilisks
  7 golden eyes
  A deep troll zombie (Vaults:1)
  10 swamp worms
  36 redbacks
  3 wargs
  4 vampire mosquitoes
  4 water moccasins
  2 human zombies
  A hell hound (Spider:2)
  8 swamp drakes
  14 orc warriors
  A black bear (Lair:3)
  A swamp dragon zombie (Swamp:4)
  A centaur (D:11)
  4 ogres
  3 bullfrogs
  2 kobold brigands
  2 electric eels (Spider:4)
  5 orc priests
  4 orc wizards
  29 orcs
  A kobold (D:10)
  A bush (Lair:3)
  A fungus (Lair:5)
947 creatures vanquished.

Vanquished Creatures (others)
  An orb of fire (Zot:1)
  Frederick (Depths:3)
  A golden dragon (Zot:5)
  2 acid blobs (Slime:5)
  A draconian monk (Zot:1)
  An azure jelly (Slime:4)
  5 storm dragons
  A shadow dragon (Zot:4)
  A draconian knight (Zot:4)
  2 rockslimes
  7 fire giants
  2 frost giants (Depths:1)
  A deep elf sorcerer (WizLab)
  5 vault wardens
  An orc warlord (Depths:1)
  4 draconian scorchers
  4 stone giants
  7 ironbound preservers
  A quicksilver ooze (Slime:5)
  A very ugly thing (Vaults:2)
  3 eleionomae
  An ironbound thunderhulk (Vaults:2)
  A yellow draconian (Zot:1)
  2 dire elephants
  A deep elf annihilator (WizLab)
  3 bunyips
  A black draconian (Zot:5)
  Azrael (Spider:2)
  A red draconian (Zot:3)
  3 entropy weavers
  A purple draconian (Zot:1)
  2 white draconians
  5 ettins
  6 fire dragons
  A very ugly thing zombie (Depths:2)
  3 yaktaur captains
  Harold (Lair:2)
  Fannar (Orc:1)
  4 great orbs of eyes
  4 boulder beetles
  3 ice dragons
  2 ironbound frosthearts
  A vault guard (D:14)
  7 hydras
  3 centaur warriors
  A ghost crab (Swamp:3)
  2 alligators
  A two-headed ogre (D:14)
  3 tengu warriors
  5 radroaches
  4 deep troll earth magi
  4 deep troll shamans
  A death yak (Lair:5)
  8 hell knights
  A spriggan berserker (Depths:3)
  An orc high priest (Elf:3)
  4 storm dragon zombies
  5 deep elf knights
  5 goliath frogs
  A bunyip zombie (Swamp:4)
  2 spriggan druids (Swamp:4)
  3 steelbarb worms (Spider:4)
  2 entropy weaver zombies
  12 deep trolls
  2 spark wasp zombies (WizLab)
  2 glowing orange brains
  A ghost moth zombie (Spider:3)
  A swamp dragon (Swamp:3)
  An orb spider (shapeshifter) (WizLab)
  4 deep elf archers
  4 ironbound convokers
  2 shadow dragon zombies
  5 orc knights (Orc:2)
  5 lindwurms
  7 wizards
  2 necromancers
  3 deep elf pyromancers (Elf:3)
  2 wolf spider zombies (Spider:3)
  2 ugly thing zombies (Depths:2)
  7 draconian zombies
  10 deep elf zephyrmancers
  2 eleionoma zombies (Swamp:4)
  A harpy (Vaults:4)
  4 goliath frog zombies
  A wolf spider (Spider:3)
  4 orc sorcerers
  A frost giant zombie (Depths:1)
  3 ugly things
  3 cyclopes
  A fire giant zombie (Depths:1)
  A shining eye (Slime:3)
  2 stone giant zombies (Depths:1)
  A manticore (Lair:5)
  11 moths of wrath
  A dire elephant zombie (Vaults:3)
  6 vault sentinels
  3 black mambas
  A red draconian zombie (Zot:1)
  A shock serpent zombie (WizLab)
  2 rime drakes
  6 cane toads
  3 komodo dragons
  2 steelbarb worm zombies (Spider:4)
  3 yaktaurs
  A tengu conjurer (Depths:3)
  2 white draconian zombies (Zot:1)
  An orb spider zombie (WizLab)
  A black draconian zombie (Zot:1)
  2 yellow draconian zombies (Zot:1)
  A purple draconian zombie (Zot:1)
  4 swamp worm zombies
  13 redback zombies
  A harpy zombie (Vaults:4)
  2 trolls
  A demonic crawler zombie (Spider:4)
  6 hydra zombies
  A polar bear (Lair:4)
  2 bloated husks (Swamp:1)
  3 tyrant leeches
  10 slime creatures
  A meliai (D:14)
  5 tarantellas
  A death drake zombie (WizLab)
  2 boulder beetle zombies
  5 jumping spider zombies
  8 moth of wrath zombies
  An ettin zombie (WizLab)
  9 culicivora zombies
  3 tarantella zombies
  An alligator zombie (Gauntlet)
  A radroach zombie (Spider:4)
  4 black mamba zombies
  2 fire dragon zombies (Depths:1)
  3 great orb of eyes zombies
  An air elemental (Elf:2)
  7 culicivoras
  3 jumping spiders
  A spriggan (shapeshifter) (WizLab)
  39 elf zombies
  6 yaks
  3 slime creature zombies
  3 wyverns
  A tyrant leech zombie (Swamp:4)
  A golden eye (Slime:5)
  6 redbacks
  2 wargs (Orc:2)
  A swamp worm (Lair:2)
  5 cane toad zombies
  2 two-headed ogre zombies
  An acid dragon (D:15)
  18 deep troll zombies
  A tengu zombie (D:14)
  A hell hound (Spider:2)
  4 water moccasins
  2 lindwurm zombies
  7 orc warriors
  A sky beast (D:13)
  32 human zombies
  2 ghost crab zombies (WizLab)
  2 hornet zombies
  A centaur (D:10)
  A torpor snail zombie (Spider:3)
  3 komodo dragon zombies
  A kobold brigand (D:10)
  2 rime drake zombies
  3 yaktaur zombies
  A wyvern zombie (Lair:3)
  5 bullfrogs
  A cyclops zombie (D:12)
  6 water moccasin zombies
  4 warg zombies
  A polar bear zombie (Lair:4)
  3 troll zombies
  18 yak zombies
  2 spriggan zombies
  7 bullfrog zombies
  3 centaur zombies
  2 orc priests (Orc:2)
  3 orc wizards
  A hell rat (Lair:4)
  A killer bee zombie (D:14)
  2 kobold zombies
  5 ogre zombies
  2 swamp drake zombies
  46 orc zombies
  5 orcs
  2 endoplasms (D:15)
  A goblin (D:10)
  2 quokkas
  A goblin zombie (D:10)
  A kobold (D:13)
  2 quokka zombies
  2 rats
  A rat zombie (D:9)
  10 foxfires (Swamp:4)
  37 fungi
  88 plants
  2 withered plants (Gauntlet)
825 creatures vanquished.

Grand Total: 2730 creatures vanquished

Notes
Turn   | Place    | Note
-------+----------+-------------------------------------------
     0 | D:1      | Midpoint the Ogre Ice Elementalist began the quest for the
                  | Orb.
     0 | D:1      | Reached XP level 1. HP: 16/16 MP: 3/3
   331 | D:1      | Found a faded altar of an unknown god.
   379 | D:1      | Reached XP level 2. HP: 22/24 MP: 1/5
  1155 | D:2      | Reached XP level 3. HP: 31/31 MP: 5/7
  1188 | D:2      | Learned a level 3 spell: Frozen Ramparts
  1192 | D:2      | Learned a level 3 spell: Ozocubu's Armour
  1206 | D:2      | Reached skill level 1 in Polearms
  1250 | D:2      | Reached skill level 1 in Fighting
  1506 | D:2      | Reached XP level 4. HP: 42/42 MP: 6/8
  1927 | D:3      | Reached skill level 2 in Fighting
  2152 | D:3      | Found a stormy altar of Qazlal.
  2156 | D:3      | Found an opulent altar of Gozag.
  2408 | D:3      | Identified the +2 leather armour of Vedar {Harm Str+2}
  2687 | D:3      | Found a shadowy altar of Dithmenos.
  2722 | D:4      | Found a shimmering blue altar of Sif Muna.
  2730 | D:4      | Identified the ring "Seadilast" {rF+ Dex+6}
  2748 | D:4      | Reached XP level 5. HP: 50/50 MP: 8/10
  2845 | D:4      | Reached skill level 3 in Fighting
  2929 | D:4      | Learned a level 4 spell: Hailstorm
  2946 | D:4      | Noticed Eustachio
  2985 | D:4      | Killed Eustachio
  2986 | D:4      | Reached skill level 4 in Fighting
  2986 | D:4      | Reached skill level 5 in Spellcasting
  2986 | D:4      | Reached XP level 6. HP: 38/62 MP: 2/14
  3294 | D:4      | Noticed Ijyb
  3379 | D:4      | Killed Ijyb
  3493 | D:4      | Found a staircase to the Ecumenical Temple.
  3527 | Temple   | Entered the Ecumenical Temple
  3603 | Temple   | Became a worshipper of Kikubaaqudgha
  4048 | D:5      | Entered Level 5 of the Dungeon
  4060 | D:5      | Noticed an ice beast
  4160 | D:5      | Reached XP level 7. HP: 62/71 MP: 11/15
  4384 | D:5      | Reached skill level 1 in Conjurations
  4649 | D:5      | Reached skill level 5 in Fighting
  4681 | D:5      | Noticed Grinder
  4691 | D:5      | Killed Grinder
  4692 | D:5      | Reached skill level 5 in Ice Magic
  4692 | D:5      | Reached XP level 8. HP: 48/80 MP: 8/17
  4869 | D:5      | Noticed Edmund
  4884 | D:5      | Killed Edmund
  4891 | D:5      | Found a runed translucent gate.
  4891 | D:5      | Found a runed translucent gate.
  4891 | D:5      | Found a runed translucent gate.
  4891 | D:5      | Noticed bronco's ghost (novice MiFi)
  4918 | D:5      | Found a runed translucent door.
  4919 | D:5      | Noticed Crazy Yiuf
  4943 | D:5      | Killed Crazy Yiuf
  5072 | D:5      | Found Keqoagg's Armour Boutique.
  5077 | D:5      | Bought a +0 kite shield for 54 gold pieces
  5281 | D:5      | Reached skill level 1 in Shields
  5808 | D:6      | Found a glowing golden altar of the Shining One.
  5829 | D:6      | Reached skill level 1 in Throwing
  6110 | D:6      | Reached * piety under Kikubaaqudgha
  6110 | D:6      | Received a gift from Kikubaaqudgha
  6113 | D:6      | Reached XP level 9. HP: 83/88 MP: 6/18
  6225 | D:6      | Learned a level 4 spell: Animate Dead
  6227 | D:6      | Learned a level 1 spell: Necrotise
  6248 | D:6      | Reached skill level 1 in Necromancy
  6317 | D:6      | Found an ornate altar of the Wu Jian Council.
  7434 | D:7      | Noticed Joseph
  7451 | D:7      | Killed Joseph
  7452 | D:7      | Reached skill level 5 in Shields
  8167 | D:8      | Identified 2 scrolls of acquirement
  8167 | D:8      | Acquired the +5 flail of Wu Jian's Scorn {protect, Fly
                  | MP+9}
  8168 | D:8      | Acquired 970 gold pieces
  8246 | D:8      | Noticed Amaemon
  8246 | D:8      | Noticed an orange demon
  8268 | D:8      | Killed an orange demon
  8269 | D:8      | Reached skill level 6 in Fighting
  8269 | D:8      | Reached XP level 10. HP: 60/98 MP: 14/19
  8430 | D:8      | Killed Amaemon
  8659 | D:7      | Learned a level 3 spell: Vampiric Draining
  8674 | D:8      | Reached skill level 5 in Necromancy
  8677 | D:8      | Reached skill level 7 in Fighting
  8758 | D:8      | Noticed Grum
  8839 | D:8      | Killed Grum
  8839 | D:8      | Reached ** piety under Kikubaaqudgha
  9349 | D:8      | Noticed Maurice
  9357 | D:8      | Killed Maurice
  9426 | D:8      | Found a white marble altar of Elyvilon.
  9548 | D:8      | Got the Secrets of the Eight Boll Weevils
  9961 | D:9      | Found a staircase to the Orcish Mines.
 10034 | D:9      | Noticed Erica
 10054 | D:9      | Killed Erica
 10055 | D:9      | Reached skill level 8 in Fighting
 10128 | D:9      | Found a staircase to the Lair.
 10181 | D:9      | Your ally Erica died
 10189 | D:9      | Reached XP level 11. HP: 110/113 MP: 4/20
 10397 | D:9      | Noticed a two-headed ogre
 10413 | D:9      | Killed a two-headed ogre
 10489 | D:9      | Reached skill level 9 in Fighting
 10703 | D:10     | Entered Level 10 of the Dungeon
 10844 | D:10     | Noticed a two-headed ogre
 10907 | D:10     | Killed a two-headed ogre
 11044 | D:10     | Reached skill level 1 in Maces & Flails
 11180 | D:10     | Found a hazy altar of Hepliaklqana.
 11449 | D:10     | Noticed a phantasmal warrior
 11464 | D:10     | Killed a phantasmal warrior
 11777 | D:10     | Noticed Psyche
 11896 | D:10     | Killed Psyche
 11897 | D:10     | Reached skill level 10 in Fighting
 11911 | D:10     | Noticed a phantasmal warrior
 12064 | D:10     | Killed a phantasmal warrior
 12070 | D:10     | Learned a level 4 spell: Anguish
 12123 | D:10     | Identified the +2 pair of boots of the Battered Moons {rF++
                  | Will- Dex+4}
 12211 | D:11     | Reached XP level 12. HP: 122/127 MP: 22/22
 12224 | D:11     | Reached skill level 1 in Hexes
 12337 | D:11     | Noticed a boulder beetle
 12392 | D:11     | Killed a boulder beetle
 12869 | D:11     | Reached skill level 11 in Fighting
 13161 | D:12     | Noticed an eight-headed hydra
 13175 | D:12     | Killed an eight-headed hydra
 13181 | D:12     | Learned a level 4 spell: Summon Ice Beast
 13261 | D:12     | Noticed Nergalle
 13274 | D:12     | Killed Nergalle
 13296 | D:12     | Reached *** piety under Kikubaaqudgha
 13296 | D:12     | Received a gift from Kikubaaqudgha
 13317 | D:12     | Noticed Josephine
 13627 | D:12     | Noticed a two-headed ogre
 13655 | D:12     | Killed a two-headed ogre
 13757 | Lair:1   | Entered Level 1 of the Lair of Beasts
 14437 | Lair:2   | Found a hole to the Spider Nest.
 14477 | Lair:2   | Noticed a six-headed hydra
 14538 | Lair:2   | Killed a six-headed hydra
 14609 | Lair:2   | Noticed Harold
 14620 | Lair:2   | Killed Harold
 14621 | Lair:2   | Reached skill level 10 in Shields
 14621 | Lair:2   | Reached XP level 13. HP: 139/139 MP: 25/25
 14732 | Lair:2   | Reached skill level 12 in Fighting
 14890 | Lair:2   | Found a staircase to the Swamp.
 14937 | Lair:2   | Noticed Maggie
 15010 | Lair:2   | Killed Maggie
 15975 | Lair:3   | Acquired a +1 kite shield of resistance
 16058 | Lair:4   | Reached skill level 10 in Spellcasting
 16077 | Lair:4   | Reached skill level 13 in Fighting
 16173 | Lair:4   | Reached skill level 10 in Necromancy
 16436 | Lair:4   | Noticed Snorg
 16437 | Lair:4   | Found a staircase to the Slime Pits.
 16441 | Lair:4   | Killed Snorg
 16463 | Lair:4   | Noticed Nessos
 16548 | Lair:4   | Noticed Nessos
 16548 | Lair:4   | Nessos changed into Nessos the lindwurm
 16555 | Lair:4   | Killed Nessos the lindwurm
 16559 | Lair:4   | Reached XP level 14. HP: 96/154 MP: 23/28
 16571 | Lair:4   | Reached **** piety under Kikubaaqudgha
 16577 | Lair:4   | Reached skill level 14 in Fighting
 16858 | Lair:4   | Learned a level 6 spell: Death Channel
 17150 | Lair:5   | Entered Level 5 of the Lair of Beasts
 17260 | Lair:5   | Found a gate leading to a gauntlet.
 17330 | Gauntlet | Entered a Gauntlet
 17330 | Gauntlet | Found a transporter.
 17330 | Gauntlet | Found a transporter.
 17340 | Gauntlet | Found a transporter.
 17341 | Gauntlet | Found a transporter.
 17344 | Gauntlet | Found a transporter.
 17344 | Gauntlet | Found a transporter.
 17378 | Gauntlet | Found a transporter.
 17382 | Gauntlet | Found a transporter.
 17389 | Gauntlet | Found a runed translucent door.
 17392 | Gauntlet | Found a transporter.
 17405 | Gauntlet | Noticed a reaper
 17407 | Gauntlet | Found a transporter.
 17422 | Gauntlet | Found a transporter.
 17426 | Gauntlet | Found a transporter.
 17587 | Gauntlet | Learned a level 4 spell: Dispel Undead
 18019 | Gauntlet | Identified the ring of the Manifold Emperors {Int+10 Dex+6}
 18109 | Gauntlet | Identified the ring "Xesys" {Wiz Str+2}
 18109 | Gauntlet | Identified the +1 dagger "Aqeputia" {flame, rElec Str+4
                  | Dex+2 Stlth+}
 18109 | Gauntlet | Identified the +1 leather armour of the Hungering Gods {rN+
                  | Will- Int+4}
 18110 | Gauntlet | Got the Anthology of the Throng
 18184 | Lair:5   | Reached skill level 15 in Fighting
 18636 | Lair:5   | Reached XP level 15. HP: 152/167 MP: 30/30
 18919 | Lair:5   | Reached ***** piety under Kikubaaqudgha
 19153 | Orc:1    | Entered Level 1 of the Orcish Mines
 19190 | Orc:1    | Found Mehur's Distillery.
 19199 | Orc:1    | Bought a potion of resistance for 120 gold pieces
 19199 | Orc:1    | Bought a potion of cancellation for 96 gold pieces
 19617 | Orc:2    | Entered Level 2 of the Orcish Mines
 19659 | Orc:2    | Found a staircase to the Elven Halls.
 19711 | Orc:2    | Reached skill level 16 in Fighting
 19724 | Orc:2    | Reached skill level 1 in Armour
 19978 | Orc:2    | Learned a level 5 spell: Borgnjor's Vile Clutch
 20168 | Orc:2    | Found a runed translucent door.
 20168 | Orc:2    | Found a shimmering altar of Xom.
 20168 | Orc:2    | Noticed crispyCORNDOG's ghost (journeyman MiBe)
 20382 | Orc:2    | Found Measiqor's Assorted Antiques.
 20382 | Orc:2    | Found Tytuag's Book Boutique.
 20387 | Orc:2    | Found Kigor's Book Emporium.
 20387 | Orc:2    | Found Tocutefo's Jewellery Boutique.
 20403 | Orc:2    | Bought a book of Cantrips for 144 gold pieces
 20536 | Orc:2    | Killed crispyCORNDOG's ghost
 20645 | Orc:1    | Noticed Jorgrun
 20666 | Orc:1    | Killed Jorgrun
 20745 | Orc:1    | Noticed Fannar
 20753 | Orc:1    | Killed Fannar
 20754 | Orc:1    | Reached skill level 1 in Earth Magic
 20897 | Orc:2    | Bought a book of Minor Magic for 198 gold pieces
 20897 | Orc:2    | Bought a Young Poisoner's Handbook for 220 gold pieces
 21241 | D:12     | Killed Josephine
 21408 | D:13     | Found Tiwasch's General Store.
 21425 | D:13     | Bought a scroll of teleportation for 45 gold pieces
 21425 | D:13     | Bought a scroll of identify for 30 gold pieces
 21425 | D:13     | Bought a potion of might for 60 gold pieces
 21915 | D:13     | Reached XP level 16. HP: 124/180 MP: 26/32
 21916 | D:13     | Reached skill level 5 in Maces & Flails
 23256 | D:14     | Found a gate to the Vaults.
 23314 | D:14     | Acquired a staff of death
 23324 | D:14     | Learned a level 6 spell: Simulacrum
 23373 | D:15     | Entered Level 15 of the Dungeon
 23376 | D:15     | Learned a level 1 spell: Apportation
 23398 | D:15     | Found Sumierub's Jewellery Emporium.
 23449 | D:15     | Found Kuogokos's Armour Shoppe.
 23554 | D:15     | Found Noukhih's Armour Shop.
 23680 | D:15     | Bought a +1 hat for 176 gold pieces
 23821 | D:15     | Found Beovoc's Magic Scroll Boutique.
 23840 | D:15     | Bought a scroll of amnesia for 56 gold pieces
 23849 | D:15     | Found Piefe's Armour Boutique.
 23870 | D:15     | Reached skill level 17 in Fighting
 23900 | D:15     | Found a staircase to the Depths.
 24307 | Swamp:1  | Entered Level 1 of the Swamp
 24374 | Swamp:1  | Reached skill level 5 in Dodging
 24895 | Swamp:1  | Reached skill level 1 in Evocations
 25731 | Swamp:3  | Reached XP level 17. HP: 173/191 MP: 19/35
 26225 | Swamp:4  | Entered Level 4 of the Swamp
 26247 | Swamp:4  | Found a radiant altar of Vehumet.
 26320 | Swamp:4  | Reached skill level 15 in Spellcasting
 26350 | Swamp:4  | Noticed Bai Suzhen
 26351 | Swamp:4  | Reached skill level 1 in Poison Magic
 26357 | Swamp:4  | Killed Bai Suzhen
 26378 | Swamp:4  | Reached skill level 18 in Fighting
 26406 | Swamp:4  | Noticed the 27-headed Lernaean hydra
 26420 | Swamp:4  | Killed the 27-headed Lernaean hydra
 26446 | Swamp:4  | Got a decaying rune of Zot
 26497 | Swamp:4  | Got the Compendium of Heated Direction
 26680 | Swamp:4  | Identified the +7 dagger "Ykejo" {speed, rN++ Int+5}
 27004 | Lair:2   | Learned a level 4 spell: Olgreb's Toxic Radiance
 27012 | Lair:2   | Learned a level 5 spell: Freezing Cloud
 27015 | Spider:1 | Entered Level 1 of the Spider Nest
 27169 | Spider:1 | Reached skill level 1 in Air Magic
 27663 | Spider:2 | Noticed Azrael
 27667 | Spider:2 | Reached XP level 18. HP: 176/204 MP: 28/37
 27671 | Spider:2 | Killed Azrael
 27749 | Spider:2 | Reached skill level 15 in Shields
 27862 | Spider:2 | Reached skill level 5 in Throwing
 28699 | Spider:3 | Reached ****** piety under Kikubaaqudgha
 29131 | Spider:4 | Entered Level 4 of the Spider Nest
 29186 | Spider:4 | Reached skill level 1 in Summonings
 30214 | Spider:4 | Got a gossamer rune of Zot
 30606 | Elf:1    | Entered Level 1 of the Elven Halls
 30620 | Elf:1    | Found Neimog's Magic Scroll Boutique.
 30636 | Elf:1    | Bought a scroll of fog for 52 gold pieces
 30798 | Elf:1    | Paralysed by an air elemental for 1 turns
 31333 | Elf:1    | Reached XP level 19. HP: 202/213 MP: 8/38
 32257 | Elf:2    | Found a runed translucent door.
 32258 | Elf:2    | Found a shimmering altar of Xom.
 32258 | Elf:2    | Noticed Hulashix's ghost (journeyman MiBe)
 32352 | Elf:2    | Paralysed by an air elemental for 1 turns
 32356 | Elf:2    | Paralysed by an air elemental for 1 turns
 32361 | Elf:2    | Paralysed by an air elemental for 1 turns
 32777 | Elf:2    | Paralysed by an air elemental for 1 turns
 32779 | Elf:2    | Paralysed by an air elemental for 1 turns
 32782 | Elf:2    | Paralysed by an air elemental for 1 turns
 32787 | Elf:2    | Paralysed by an air elemental for 1 turns
 32792 | Elf:2    | Paralysed by an air elemental for 1 turns
 32936 | Elf:2    | Found a runed translucent gate.
 32937 | Elf:2    | Found a runed translucent gate.
 32937 | Elf:2    | Found a runed translucent gate.
 33074 | Elf:3    | Entered Level 3 of the Elven Halls
 33121 | Elf:3    | Found Xoegiph's Assorted Antiques.
 33146 | Elf:3    | Bought a scroll of teleportation for 78 gold pieces
 33547 | Elf:3    | Noticed Roxanne
 34585 | Elf:3    | Killed Roxanne
 34827 | Elf:3    | Noticed a Tzitzimitl
 34877 | Elf:3    | Identified the ring "Pofiodit" {*Slow rN+ rCorr Str+10
                  | Int+6}
 34904 | Elf:3    | Identified the +7 halberd of the Hungering Traitor
                  | {protect, rF+ rC- SInv}
 34908 | Elf:3    | Noticed a Tzitzimitl
 34916 | Elf:3    | Identified the ring "Baxid" {rN++ Slay+4}
 34916 | Elf:3    | Noticed Saint Roka
 34940 | Elf:3    | Reached skill level 5 in Armour
 35518 | Elf:3    | Killed Saint Roka
 35524 | Elf:3    | Identified the +1 leather armour "Oricweff" {-Cast rF-
                  | rN+++ Str+8}
 35992 | Elf:3    | Got the Guidebook on the Dark Traveller
 35998 | Elf:3    | Got the Reference Book on Friendly Evil Magicks
 36390 | Vaults:1 | Entered Level 1 of the Vaults
 36690 | Vaults:1 | Reached XP level 20. HP: 98/223 MP: 2/40
 37079 | Vaults:1 | Reached skill level 10 in Maces & Flails
 37152 | Vaults:1 | Reached skill level 5 in Summonings
 37707 | Vaults:1 | Identified a +8 demon whip of pain (a +6 demon whip of
                  | venom bloodied by Kikubaaqudgha)
 37707 | Vaults:1 | Received a gift from Kikubaaqudgha
 38726 | Vaults:1 | Found Daohit's Jewellery Boutique.
 39539 | Vaults:2 | Reached XP level 21. HP: 182/230 MP: 3/42
 39543 | Vaults:2 | Reached skill level 10 in Throwing
 39608 | Vaults:2 | Noticed Boris
 39618 | Vaults:2 | Killed Boris
 40053 | Vaults:2 | Learned a level 7 spell: Haunt
 40570 | Vaults:2 | Got the Dissertation on the Ghoulish Assassin
 40671 | Vaults:2 | Identified the +1 ring mail "Wokynez" {rC++ Str+5}
 40717 | Vaults:2 | Found Deantaba's Antique Weapon Shoppe.
 41462 | Vaults:3 | Identified the +10 great mace "Honlanuorph" {chaos, rC+
                  | Int+5}
 41498 | Vaults:3 | Reached skill level 19 in Fighting
 41693 | Vaults:3 | Found a staircase to the Crypt.
 42545 | Vaults:3 | Learned a level 2 spell: Sublimation of Blood
 42545 | Vaults:3 | Acquired the +4 eveningstar "Zihafeex" {holy, rC+ Dex+2}
 42546 | Vaults:3 | Acquired 1140 gold pieces
 42676 | Vaults:4 | Noticed Boris
 42690 | Vaults:4 | Killed Boris
 42770 | Vaults:4 | Noticed Zenata
 42788 | Vaults:4 | Killed Zenata
 43490 | Vaults:4 | Reached XP level 22. HP: 216/244 MP: 13/43
 43611 | Vaults:4 | Noticed Donald
 43693 | Vaults:4 | Killed Donald
 45001 | Slime:1  | Entered Level 1 of the Pits of Slime
 45113 | Slime:2  | Reached skill level 1 in Translocations
 45245 | Slime:3  | Gained mutation: Potions are less effective at restoring
                  | your health. [a shining eye]
 45265 | Slime:3  | Gained mutation: You sometimes lose your temper in combat.
                  | [a shining eye]
 45742 | Slime:4  | Reached skill level 15 in Necromancy
 45747 | Slime:4  | Reached skill level 20 in Fighting
 45892 | Slime:5  | Entered Level 5 of the Pits of Slime
 45973 | Slime:5  | Found a viscous altar of Jiyva.
 45973 | Slime:5  | Noticed the Royal Jelly
 46029 | Slime:5  | Killed the Royal Jelly
 46071 | Slime:5  | Identified the ring "Liat" {rC- rN+++ rCorr Str+3 Int+6}
 46104 | Slime:5  | Identified the ring "Fuocos" {rC++ rCorr Int+6}
 46128 | Slime:5  | Got a slimy rune of Zot
 46157 | Slime:5  | Identified the +1 plate armour "Qaraik" {Str+4 Int-5
                  | Slay+4}
 46187 | Slime:5  | Identified the +8 whip "Killer Klown's Curse" {venom, *Slow
                  | rPois rN+++ Str+3}
 46498 | Swamp:3  | Lost mutation: Potions are less effective at restoring your
                  | health. [potion of mutation]
 46498 | Swamp:3  | Lost mutation: You sometimes lose your temper in combat.
                  | [potion of mutation]
 46498 | Swamp:3  | Gained mutation: You are frail. (-10% HP) [potion of
                  | mutation]
 46498 | Swamp:3  | Gained mutation: Your system is resistant to poisons.
                  | (rPois) [potion of mutation]
 46826 | Elf:3    | Reached XP level 23. HP: 228/228 MP: 32/45
 46832 | Elf:3    | Bought a scroll of fear for 104 gold pieces
 46832 | Elf:3    | Bought a potion of mutation for 208 gold pieces
 46832 | Elf:3    | Bought a potion of resistance for 260 gold pieces
 47122 | Vaults:2 | Learned a level 3 spell: Portal Projectile
 47235 | Depths:1 | Entered Level 1 of the Depths
 47432 | Depths:1 | Found a bloodstained altar of Trog.
 47490 | Depths:1 | Identified the +3 chain mail "Liomaon" {Str+4}
 47664 | Depths:1 | Identified the +6 chain mail "Qeupy" {Drain rN++ Dex+2}
 47688 | Depths:1 | Identified the +10 shortbow "Ler Ineeck" {venom, Drain rC+
                  | rN+ Dex+3}
 48057 | Depths:1 | Reached skill level 10 in Dodging
 48452 | Depths:1 | Found a burning altar of Makhleb.
 48465 | Depths:1 | Got the Omnibus of the Storm and the Inferno
 48467 | Depths:1 | Identified the +4 falchion of Cewkady {spect, *Noise rN+
                  | rCorr}
 48469 | Depths:1 | Got the Reference Book on Energetic Earth
 48745 | Depths:1 | Found a gateway to Hell.
 49135 | Depths:2 | Reached skill level 21 in Fighting
 49887 | Depths:2 | Found a one-way gate leading to the halls of Pandemonium.
 49887 | Depths:2 | Noticed Asterion
 49892 | Depths:2 | Killed Asterion
 50174 | Depths:2 | You fall into a shaft and drop 2 floors!
 50174 | Depths:4 | Entered Level 4 of the Depths
 50299 | Depths:4 | Found a magical portal.
 50329 | WizLab   | Entered The Chambers of the Cloud Mage
 50376 | WizLab   | Paralysed by an air elemental for 1 turns
 50473 | WizLab   | Paralysed by an air elemental for 1 turns
 50524 | WizLab   | Paralysed by an air elemental for 1 turns
 50700 | WizLab   | Paralysed by an air elemental for 1 turns
 50886 | WizLab   | Reached XP level 24. HP: 198/245 MP: 22/45
 50910 | WizLab   | Paralysed by an air elemental for 1 turns
 50916 | WizLab   | Paralysed by an air elemental for 1 turns
 51262 | WizLab   | Got the Meditations on Conduction
 51517 | Depths:4 | Found Upipe's Tremendous Tomes.
 51556 | Depths:4 | Identified the +0 robe "Vojyaf" {rF+ Regen+ Dex+3}
 51559 | Depths:4 | Identified the +3 falchion of Premature Burial {vorpal,
                  | Str+2}
 51722 | Depths:3 | Noticed a juggernaut
 51733 | Depths:3 | Killed a juggernaut
 51783 | Depths:3 | Reached skill level 15 in Throwing
 51798 | Depths:3 | Reached skill level 22 in Fighting
 51860 | Depths:3 | Found a runed translucent gate.
 51860 | Depths:3 | Found a runed translucent gate.
 51860 | Depths:3 | Found a runed translucent gate.
 51877 | Depths:3 | Found a one-way gateway to a ziggurat.
 51885 | Depths:3 | Identified the ring "Bikhomnouqa" {rF+ Str+4}
 51890 | Depths:3 | Found a one-way gate to the infinite horrors of the Abyss.
 52277 | Depths:3 | Found a radiant altar of Vehumet.
 52277 | Depths:3 | Noticed Frederick
 52284 | Depths:3 | Killed Frederick
 52297 | Depths:3 | Found the +10 zealot's sword {holy, *Rage rN+ EV+3}
 54409 | Depths:4 | Found a gate to the Realm of Zot.
 54744 | Depths:4 | Learned a level 8 spell: Borgnjor's Revivification
 54746 | Zot:1    | Entered Level 1 of the Realm of Zot
 54862 | Zot:1    | Noticed an orb of fire
 54862 | Zot:1    | Gained mutation: You occasionally lose the ability to read
                  | scrolls when taking damage. [an orb of fire]
 54873 | Zot:1    | Killed an orb of fire
 55544 | Zot:1    | Reached skill level 10 in Armour
 55544 | Zot:1    | Reached XP level 25. HP: 146/250 MP: 22/45
 57610 | Zot:3    | Identified the +8 falchion of Proximity {protect, rC+ Dex+4
                  | Stlth+}
 58155 | Zot:4    | Found a transporter.
 58157 | Zot:4    | Noticed a Killer Klown
 58623 | Zot:4    | Identified the amulet "Halaxo" {Reflect rElec SH+5}
 58653 | Zot:4    | Found a transporter.
 59245 | Zot:4    | Found a transporter.
 59261 | Zot:4    | Found a transporter.
 59261 | Zot:4    | Found a transporter.
 59403 | Zot:5    | Entered Level 5 of the Realm of Zot
 60098 | Zot:5    | Noticed a Killer Klown
 60105 | Zot:5    | Killed a Killer Klown
 60106 | Zot:5    | Noticed an orb of fire
 60109 | Zot:5    | Noticed an orb of fire
 60110 | Zot:5    | Noticed a Killer Klown
 60127 | Zot:5    | Noticed an orb of fire
 60127 | Zot:5    | Killed an orb of fire
 60133 | Zot:5    | Gained mutation: You sometimes lose the ability to read
                  | scrolls when taking damage. [an orb of fire]
 60135 | Zot:5    | Noticed an orb of fire
 60144 | Zot:5    | Gained mutation: Armour fits poorly on your strangely
                  | shaped body. [an orb of fire]
 60144 | Zot:5    | HP: 6/352 [golden dragon (16)]
 60147 | Zot:5    | HP: 2/352 [golden dragon (8)]
 60147 | Zot:5    | Demolished by a golden dragon

Illustrated notes

Levels and vault maps discovered:
D:1:      roderic_chinese_lattice_arrival, layout_loops_ring,
          shapermc_ecumenical_altar_petra, minmay_misc_feat_roman,
          corexii_corridor_pit
D:2:      layout_basic, minmay_misc_feat_plants, minmay_pentomino_r2
D:3:      layout_basic, nicolae_dithmenos_through_a_glass_darkly,
          mainiacjoe_overflow_catch_the_wave, minmay_statues_item,
          minmay_lizard_king
D:4:      kennysheep_the_goblin_king, layout_basic, mainiacjoe_overflow_catwalk,
          minmay_temple_entry_nine_rooms, uniq_eustachio
D:5:      layout_basic, serial_shops, kennysheep_little_box,
          gammafunk_ghost_necromancy, minmay_misc_feat_cross,
          uniq_crazy_yiuf_cottage, uniq_edmund, uniq_grinder
D:6:      layout_cave_pods, mainiacjoe_overflow_alcove_1, tso_oasis_becter,
          serial_column_ruins, column_ruins_hut, column_ruins_square_medium,
          column_ruins_open_tiny, column_ruins_open_tiny,
          column_ruins_columns_corner, column_ruins_open_tiny,
          column_ruins_open_small
D:7:      cheibrodos_quashed, layout_basic, interstate_on_off,
          nicolae_fountain_basement, uniq_joseph
D:8:      layout_loops_corners, elyvilon_altar_4,
          minmay_misc_feat_secret_circle, uniq_grum, uniq_maurice, uniq_amaemon
D:9:      minmay_general_purpose_star, layout_cave_pods, lair_entry_dummy,
          orc_0_dummy, uniq_erica
D:10:     layout_loops_ring, nicolae_hepliaklqana_monster_ancestors,
          chequers_big_river, minivault_23, serial_bayou_pond_e,
          hellmonk_guarded_unrand_seven_league_boots, uniq_psyche
D:11:     layout_loops_ring
D:12:     layout_roguey, uniq_nergalle, uniq_josephine
D:13:     layout_basic, serial_shops, shop
D:14:     kennysheep_spiral_hall, layout_basic,
          lightli_vaults_fourway_checkpoint
D:15:     grunt_enter_depths_giant_problem, layout_cave_pools, serial_shops,
          nicolae_shop_waterfront, shop, nicolae_inconvenience_store,
          nicolae_shop_hallway_plus, shop_fountains, solitary_fountain
Temple:   nicolae_temple_great_sept
Lair:1:   layout_long_grid, evilmike_ambush [evilmike_ambush_outer_pillars,
          evilmike_ambush_inner_basic]
Lair:2:   layout_long_grid, palyth_hydra_swamp_entry,
          spider_nest_entry_web_field, chequers_serial_rivers_small_3,
          uniq_harold, uniq_maggie
Lair:3:   layout_cave_shapes, kennysheep_basilisk_garden
Lair:4:   layout_small_grid, slime_entry_1, special_room
          [special_room_mythical_zoo], cheibrodos_lair_lostbears, uniq_nessos,
          uniq_snorg
Lair:5:   hangedman_lair_in_review, layout_regular_city, gauntlet_entry_generic,
          chequers_serial_rivers_micro_e, pond
Swamp:1:  layout_basic_swamp, hangedman_swamp_blocks
Swamp:2:  layout_basic_swamp, serial_swamp_ruin, evilmike_swamp_ruin_house_2,
          evilmike_swamp_ruin_wall, evilmike_swamp_ruin_rubble_1,
          infiniplex_staircase_pool_2
Swamp:3:  layout_falls_marsh, evilmike_swamp_ruin_house_1
Swamp:4:  grunt_swamp_rune_castle, layout_basic_swamp, lemuel_altar_in_water,
          nicolae_swamp_tree_designs, uniq_bai_suzhen
Spider:1: layout_spider_delve
Spider:2: layout_spider_delve, uniq_azrael
Spider:3: layout_spider_delve
Spider:4: spider_rune_water
Slime:1:  layout_caves
Slime:2:  layout_caves
Slime:3:  layout_caves
Slime:4:  layout_caves, special_room [special_room_jelly]
Slime:5
Orc:1:    layout_caves, serial_shops, shop_coins, uniq_fannar, uniq_jorgrun
Orc:2:    grunt_orc_tribal_feast, layout_diamond_mine, ebering_ghost_xom
Elf:1:    layout_gridlike, serial_shops, shop, hangedman_corner_corridor
Elf:2:    nicolae_elf_blades_crystal_corner, layout_onion_city,
          ebering_ghost_xom
Elf:3:    grunt_elf_hall_branching, layout_geoelf_octagon, serial_shops, shop,
          uniq_saint_roka, uniq_roxanne
Vaults:1: nicolae_vaults_little_squares_1, v_misc_31, hangedman_vaults_impose,
          v_rooms_6, nicolae_vaults_back_hallway, v_misc_26,
          nicolae_vaults_circle_grid_a, v_misc_14, grunt_vaults_funnel,
          v_misc_9, vaults_mumra_lcd, hangedman_vaults_trim, layout_vaults_ring,
          serial_shops, shop
Vaults:2: st_greater_box_2, vaults_mumra_minichess,
          nicolae_vaults_windows_and_doors_thing, nicolae_vaults_three_branches,
          vaults_mumra_hexcomb, v_misc_3, vaults_room_pool,
          layout_vaults_big_room, serial_shops, shop, uniq_boris
Vaults:3: v_alt_pattern_3, v_misc_9, grunt_vaults_bifocal,
          blue_anna_dwarven_crypt, v_misc_25, hangedman_vaults_restitches,
          dpeg_vaults_monster_row, nicolae_vaults_asterisk,
          hangedman_vaults_river_flow, nicolae_vaults_theta, v_misc_28,
          vaults_standard_mumra_enter_the_diamond,
          hangedman_vaults_corner_blocks, layout_vaults_omnibox
Vaults:4: nicolae_vaults_circle_grid_b, v_misc_27,
          nicolae_vaults_inception_statues, nicolae_vaults_circle_grid_a,
          v_misc_12, vaults_room_octagon, vaults_standard_mumra_x,
          vaults_dpeg_spiral, vaults_room_fours,
          hangedman_vaults_stretched_pinwheel, layout_vaults_omnigrid,
          uniq_margery, uniq_zenata, uniq_donald
Depths:1: evilmike_makhleb_hellhole, layout_basic, pf_coc_iceberg, bloody_trog,
          minmay_orc_keep
Depths:2: minmay_the_grid_square_5x5_3x3 [minmay_the_grid_square_5x5_dogpile,
          minmay_the_grid_square_5x5_plus, minmay_the_grid_square_5x5_one_wall,
          minmay_the_grid_square_5x5_longway,
          minmay_the_grid_square_5x5_megaprize_crossed,
          minmay_the_grid_square_5x5_trominoes,
          minmay_the_grid_square_5x5_doubleslash, minmay_the_grid_square_5x5_c,
          minmay_the_grid_square_5x5_n], layout_honeycomb, grunt_metal_band,
          rand_demon_pan_entry_5, solitary_fountain, grunt_megastairs_4,
          uniq_asterion
Depths:3: evilmike_halls_of_destruction, layout_gridville, ziggurat_fallback,
          abyss_entry_small_statue_room, minmay_door_square, hell_entry,
          pandoras_box_mu
Depths:4: evilmike_zot_entry_hall, layout_cave_shapes,
          minmay_misc_feat_nine_boxes, mu_enter_wizlab_7,
          grunt_hell_entry_dis_mu, nicolae_shop_i_like_big_books,
          serial_bayou_shore_a
Zot:1:    lemuel_draconian_sentries, layout_twisted_circle,
          hangedman_zot_decor_tridents
Zot:2:    layout_concentric_octagons
Zot:3:    layout_misc_corridors
Zot:4:    gammafunk_the_bubble [the_bubble_gammafunk_roulette], layout_gridlike,
          uniq_grunn
Zot:5:    layout_gridlike

Skill      XL: |  1  2  3  4  5  6  7  8  9 10 11 12 13 14 15 16 17 18 19 20 21 22 23 24 25 |
---------------+----------------------------------------------------------------------------+-----
Ice Magic      | 4 5 7 8 |  8.0
Spellcasting   | 3 5 6 7 8 10 11 12 14 15 16 17 18 19 | 19.3
Polearms       | 1 2 |  2.0
Fighting       | 1 2 4 5 6 8 10 11 13 15 16 17 18 19 20 21 22 | 22.0
Conjurations   | 3 |  3.0
Stealth        | 2 |  2.0
Shields        | 3 6 7 8 10 11 12 13 14 15 16 | 16.0
Throwing       | 2 3 4 6 8 9 11 12 14 16 | 16.8
Necromancy     | 4 6 8 9 10 11 12 13 14 15 16 17 | 17.0
Maces & Flails | 3 4 6 7 8 9 11 12 14 | 14.4
Hexes          | 4 |  4.0
Dodging        | 3 5 6 7 8 9 10 11 | 11.5
Armour         | 2 4 5 6 7 9 10 | 10.8
Earth Magic    | 1 4 |  4.0
Evocations     | 2 |  2.0
Poison Magic   | 3 4 |  4.0
Air Magic      | 1 3 |  3.0
Summonings     | 2 4 6 |  6.0
Translocations | 3 4 |  4.0

Action                   |  1- 3 |  4- 6 |  7- 9 | 10-12 | 13-15 | 16-18 | 19-21 | 22-24 | 25-27 || total
-------------------------+-------+-------+-------+-------+-------+-------+-------+-------+-------++-------
Melee: Spear             |    23 |    65 |    40 |       |       |       |       |       |       ||   128
       Short sword       |     1 |       |       |       |       |       |       |       |       ||     1
       Flail             |       |       |    71 |   217 |   286 |   141 |       |       |       ||   715
       Demon whip        |       |       |       |       |       |   151 |   308 |   276 |   114 ||   849
       Morningstar       |       |       |       |       |       |       |    79 |    51 |    31 ||   161
       Staff             |       |       |       |       |       |       |    10 |    24 |    10 ||    44
       Eveningstar       |       |       |       |       |       |       |       |    18 |    14 ||    32
Throw: Stone             |     2 |     3 |    12 |       |       |       |       |       |       ||    17
       Large rock        |       |       |     6 |       |       |       |       |    37 |     1 ||    44
       Throwing net      |       |       |     2 |       |       |       |       |     1 |       ||     3
       Dart              |       |       |     3 |     6 |     5 |     1 |       |       |       ||    15
       Boomerang         |       |       |       |       |       |     5 |    17 |    30 |    17 ||    69
       Javelin           |       |       |       |       |       |       |       |     7 |    12 ||    19
 Cast: Freeze            |    45 |    49 |    25 |     2 |       |       |       |       |       ||   121
       Frozen Ramparts   |       |    12 |    45 |    54 |    79 |     9 |       |       |       ||   199
       Ozocubu's Armour  |       |     3 |    27 |    47 |    47 |    16 |    26 |    10 |     7 ||   183
       Hailstorm         |       |       |     7 |    44 |    17 |       |     1 |     2 |       ||    71
       Necrotise         |       |       |    13 |       |     2 |       |       |       |       ||    15
       Animate Dead      |       |       |       |    11 |    13 |    15 |    11 |     7 |     2 ||    59
       Anguish           |       |       |       |     5 |    56 |    32 |    34 |    40 |    17 ||   184
       Summon Ice Beast  |       |       |       |     2 |     1 |       |       |       |       ||     3
       Dispel Undead     |       |       |       |       |    30 |    17 |     5 |     6 |       ||    58
       Death Channel     |       |       |       |       |    20 |    45 |    41 |    51 |    18 ||   175
       Vampiric Draining |       |       |       |       |     2 |       |       |       |       ||     2
       Borgnjor's Vile C |       |       |       |       |    12 |    47 |    95 |    97 |    39 ||   290
       Simulacrum        |       |       |       |       |       |    72 |    62 |   117 |    37 ||   288
       Apportation       |       |       |       |       |       |    33 |    32 |    43 |    22 ||   130
       Olgreb's Toxic Ra |       |       |       |       |       |    15 |    19 |    10 |       ||    44
       Freezing Cloud    |       |       |       |       |       |     2 |    25 |    10 |     2 ||    39
       Haunt             |       |       |       |       |       |       |     3 |    20 |    15 ||    38
       Sublimation of Bl |       |       |       |       |       |       |     1 |    29 |    10 ||    40
       Portal Projectile |       |       |       |       |       |       |       |    10 |     1 ||    11
       Borgnjor's Revivi |       |       |       |       |       |       |       |       |     1 ||     1
Invok: Unearth Wretches  |       |       |       |     7 |    16 |    23 |    18 |    22 |     3 ||    89
       Brand Weapon With |       |       |       |       |       |       |     1 |       |       ||     1
Evoke: Wand              |       |     3 |     8 |    10 |     5 |     7 |     4 |     2 |     8 ||    47
       Phantom mirror    |       |       |       |       |     1 |       |     2 |       |       ||     3
       Tin of tremorston |       |       |       |       |       |       |     1 |       |       ||     1
       Phial of floods   |       |       |       |       |       |       |       |     1 |     1 ||     2
  Use: Scroll            |     2 |       |    10 |     9 |    11 |    13 |    19 |     3 |     2 ||    69
       Potion            |       |       |       |       |     1 |     1 |     8 |    12 |     8 ||    30
 Stab: Sleeping          |     3 |     4 |       |       |       |     4 |     2 |     1 |     1 ||    15
       Distracted        |       |       |       |     4 |     4 |     5 |     3 |     7 |     3 ||    26
       Paralysed         |       |       |       |     4 |     4 |     7 |     7 |     1 |       ||    23
       Invisible         |       |       |       |       |       |       |       |     4 |       ||     4
Armor: Robe              |    13 |    12 |    79 |    14 |       |       |       |       |       ||   118
       Steam dragon scal |       |       |       |   147 |   186 |   142 |   125 |   121 |    77 ||   798
       Skin              |       |       |       |     2 |       |       |       |       |       ||     2
Dodge: Dodged            |    16 |    32 |    59 |    94 |    94 |   108 |   141 |   132 |    97 ||   773
Block: Kite shield       |       |       |    67 |   146 |   263 |   298 |   368 |   321 |   163 ||  1626
       Reflection        |       |       |       |       |     9 |    19 |    52 |    11 |     3 ||    94
